 Dungeon Crawl Stone Soup version 0.25.1-2-g60ff931df9 (webtiles) character file.

Game seed: 4014038825896846122

697867 Johnny the Sorcerer (level 26, 0/166 HPs)
             Began as a Demigod Earth Elementalist on Oct 22, 2020.
             Slain by Gloorx Vloq (15 damage)
             ... in Pandemonium.
             The game lasted 02:41:01 (98344 turns).

Johnny the Sorcerer (Demigod Earth Elementalist)   Turns: 98344, Time: 02:41:01

Health: 0/166      AC: 29    Str: 18      XL:     26   Next: 4%
Magic:  16/64      EV: 12    Int: 44      God:
Gold:   2233       SH: 14    Dex: 15 (16) Spells: 31/75 levels left

rFire    + . .     SeeInvis +   N - staff of earth
rCold    + + .     Gourm    .   H - +1 kite shield {reflect}
rNeg     . . .     Faith    .   S - +4 troll leather armour
rPois    +         Spirit   .   y - +2 helmet of Levity {rC+ SInv Stlth+}
rElec    +         Reflect  +   g - scarf {rC+ rF+}
rCorr    .         Harm     .   l - +2 pair of gloves {Str+3}
MR       ++...     NoTele   +   h - +2 pair of boots {run}
Stlth    +++.......             C - amulet "Jeameusa" {RegenMP *Contam rPois Int+5}
HPRegen  0.77/turn              F - ring of Robustness {AC+8}
MPRegen  0.64/turn              q - ring "Zed Zog" {*Slow rElec Str+6 Int+4}

@: lethally poisoned (0 -> -12), about to teleport, cannot translocate, slightly
contaminated, slowed, very slow
A: talons 1, see invisible, deterioration 1, high mp 2, weak 1, wild magic 1
}: 6/15 runes: decaying, serpentine, slimy, silver, abyssal, demonic
a: no special abilities


You were in Pandemonium.
You were full.

You visited 11 branches of the dungeon, and saw 52 of its levels.
You visited Pandemonium 1 time, and saw 4 of its levels.
You visited the Abyss 2 times.
You also visited: Sewer, Ossuary, Gauntlet, Ice Cave and Wizlab.

You collected 9655 gold pieces.
You spent 7422 gold pieces at shops.

Inventory:

Missiles
 b - 860 stones (quivered)
Armour
 g - a scarf of resistance (worn)
 h - a +2 pair of boots of running (worn)
 k - the +8 orange crystal plate armour {Archmagi, Int+3 Clar}
   (You took it off a deep elf high priest on level 3 of the Elven Halls)

   It affects your intelligence (+3).
   It protects you against confusion.
 l - a +2 pair of gloves of strength (worn)
 m - the +2 leather armour of the Playwright {*Corrode rC+ rN+ Int+4}
   (You found it on level 5 of the Pits of Slime)

   It affects your intelligence (+4).
   It protects you from cold.
   It protects you from negative energy.
   It may corrode you when you take damage.
 y - the +2 helmet of Levity (worn) {rC+ SInv Stlth+}
   (You found it in a Gauntlet)

   It protects you from cold.
   It lets you see invisible.
   It makes you more stealthy.
 H - a +1 kite shield of reflection (worn)
 S - a +4 troll leather armour (worn)
 W - the +2 pair of boots of Trial and Error {*Contam Int+4}
   (You bought it in a shop on level 1 of the Depths)

   It affects your intelligence (+4).
   It causes magical contamination when unequipped.
Magical Staves
 r - an uncursed staff of energy
 L - an uncursed staff of wizardry
 N - an uncursed staff of earth (weapon)
Jewellery
 j - the amulet of Vitality {Regen+ HP+15}
   (You took it off a deep elf death mage on level 3 of the Elven Halls)

   [amulet of regeneration]

   It affects your health (+15).
   It increases your rate of regeneration.
 q - the ring "Zed Zog" (right hand) {*Slow rElec Str+6 Int+4}
   (You found it in an ice cave)

   [ring of strength]

   It affects your strength (+6).
   It affects your intelligence (+4).
   It insulates you from electricity.
   It may slow you when you take damage.
 C - the amulet "Jeameusa" (around neck) {RegenMP *Contam rPois Int+5}
   (You bought it in a shop on level 3 of the Vaults)

   [amulet of magic regeneration]

   It increases your magic regeneration.
   It affects your intelligence (+5).
   It protects you from poison.
   It causes magical contamination when unequipped.
 F - the ring of Robustness (left hand) {AC+8}
   (You bought it in a shop on level 3 of the Vaults)

   [ring of protection]

   It affects your AC (+8).
 J - the ring of Violas {rF+ rN+ Str+6 Dex+4}
   (You found it on level 5 of the Pits of Slime)

   [ring of strength]

   It affects your strength (+6).
   It affects your dexterity (+4).
   It protects you from fire.
   It protects you from negative energy.
 M - the ring of Dim Light {rC+ MP+9 Str+3}
   (You found it in Pandemonium)

   [ring of magical power]

   It affects your strength (+3).
   It protects you from cold.
   It affects your magic capacity (+9).
 R - the ring of Okawaru's Envy {rCorr Int+4 Dex+6}
   (You bought it in a shop on level 3 of the Vaults)

   [ring of resist corrosion]

   It affects your intelligence (+4).
   It affects your dexterity (+6).
   It provides partial protection from all sources of acid and corrosion.
 Y - an uncursed ring of wizardry
Wands
 I - a wand of acid (12)
 U - a wand of digging (9)
Scrolls
 a - 5 scrolls of vulnerability
 c - 4 scrolls of immolation
 n - 7 scrolls of fog
 t - 14 scrolls of identify
 u - 2 scrolls of summoning
 v - 32 scrolls of remove curse
 x - 8 scrolls of magic mapping
 B - 4 scrolls of silence
 G - a scroll of blinking
 O - a scroll of fear
 P - 6 scrolls of enchant armour
 T - 4 scrolls of holy word
 Z - 7 scrolls of teleportation
Potions
 f - 8 potions of lignification
 i - 4 potions of berserk rage
 p - 3 potions of might
 s - 16 potions of curing
 z - 12 potions of brilliance
 A - 11 potions of haste
 D - 2 potions of resistance
 E - a potion of cancellation
 K - 6 potions of flight
 Q - 24 potions of mutation
 X - 3 potions of heal wounds
Miscellaneous
 e - 6 phantom mirrors
 o - 2 boxes of beasts
 w - a lightning rod (4/4)
 V - a phial of floods
Comestibles
 d - 35 rations


   Skills:
 * Level 15.1 Armour
 - Level 1.7 Dodging
 - Level 1.7 Stealth
 - Level 14.5 Shields
 + Level 25.1 Spellcasting
 - Level 14.4 Translocations
 - Level 0.8 Transmutations
 - Level 23.9 Earth Magic


You had 31 spell levels left.
You knew the following spells:

 Your Spells              Type           Power        Failure   Level  Hunger
a - Sandblast             Erth           ######       1%          1    None
b - Stone Arrow           Conj/Erth      ######       1%          3    None
c - Lee's Rapid Deconstr  Erth           #########.   1%          5    None
d - Petrify               Tmut/Erth      ########     1%          4    None
e - Controlled Blink      Tloc           N/A          10%         8    None
f - Iron Shot             Conj/Erth      ########..   1%          6    None
g - Shatter               Erth           #########.   3%          9    None
h - Sublimation of Blood  Necr           ######....   1%          2    None
i - Leda's Liquefaction   Hex/Erth       ########..   1%          4    None
j - Blink                 Tloc           N/A          1%          2    None

Your spell library contained the following spells:

 Spells                   Type           Power        Failure   Level  Hunger
 Animate Skeleton         Necr           N/A          1%          1    None
 Apportation              Tloc           ######       1%          1    None
 Beastly Appendage        Tmut           ######       1%          1    None
 Corona                   Hex            ######.      1%          1    None
 Foxfire                  Conj/Fire      ####         1%          1    None
 Freeze                   Ice            ####         1%          1    None
 Magic Dart               Conj           ####         1%          1    None
 Pain                     Necr           ####         1%          1    None
 Shock                    Conj/Air       ####         1%          1    None
 Sting                    Tmut/Pois      ####         1%          1    None
 Summon Butterflies       Summ           ######..     1%          1    None
 Summon Small Mammal      Summ           ####         1%          1    None
 Call Imp                 Summ           ######..     1%          2    None
 Corpse Rot               Necr/Air       N/A          1%          2    None
 Ensorcelled Hibernation  Hex/Ice        ######       1%          2    None
 Passwall                 Tmut/Erth      ########     1%          2    None
 Poisonous Vapours        Pois/Air       ######       1%          2    None
 Searing Ray              Conj           ######       1%          2    None
 Slow                     Hex            ######..     1%          2    None
 Sticks to Snakes         Tmut           ######..     1%          2    None
 Swiftness                Chrm/Air       ######..     1%          2    None
 Gell's Gravitas          Tloc           ########..   1%          3    None
 Ignite Poison            Fire/Tmut/Pois ######..     1%          3    None
 Lesser Beckoning         Tloc           ########..   1%          3    None
 Portal Projectile        Hex/Tloc       ######       1%          3    None
 Recall                   Summ/Tloc      N/A          1%          3    None
 Spider Form              Tmut/Pois      ######....   1%          3    None
 Iskenderun's Mystic Bla  Conj/Tloc      ########     1%          4    None
 Bolt of Magma            Conj/Fire/Erth ########..   1%          5    None
 Summon Forest            Summ/Tloc      ########..   1%          5    None
 Dispersal                Tloc           ########..   1%          6    None
 Statue Form              Tmut/Erth      ########.    1%          6    None
 Call Canine Familiar     Summ           ######..     2%          3    None
 Confusing Touch          Hex            ######..     2%          3    None
 Conjure Flame            Conj/Fire      ######..     2%          3    None
 Dazzling Flash           Conj/Hex       ######       2%          3    None
 Frozen Ramparts          Ice            ######       2%          3    None
 Inner Flame              Hex/Fire       ######..     2%          3    None
 Mephitic Cloud           Conj/Pois/Air  ######..     2%          3    None
 Ozocubu's Armour         Chrm/Ice       ######..     2%          3    None
 Static Discharge         Conj/Air       ######..     2%          3    None
 Summon Guardian Golem    Hex/Summ       ######..     2%          3    None
 Tukima's Dance           Hex            ######..     2%          3    None
 Vampiric Draining        Necr           ######....   2%          3    None
 Ice Form                 Ice/Tmut       ######..     4%          4    None
 Airstrike                Air            ######....   5%          4    None
 Cause Fear               Hex            ######....   5%          4    None
 Dispel Undead            Necr           ######..     5%          4    None
 Fulminant Prism          Conj/Hex       ######....   5%          4    None
 Hailstorm                Conj/Ice       ######..     5%          4    None
 Sticky Flame             Conj/Fire      ######..     5%          4    None
 Summon Ice Beast         Ice/Summ       ######..     5%          4    None
 Summon Lightning Spire   Summ/Air       ######..     5%          4    None
 Disjunction              Tloc           ########..   10%         8    None
 Blade Hands              Tmut           ######....   11%         5    None
 Alistair's Intoxication  Tmut/Pois      ######..     12%         5    None
 Irradiate                Conj/Tmut      ######....   12%         5    None
 Yara's Violent Unravell  Hex/Tmut       ######....   12%         5    None
 Agony                    Necr           ######..     14%         5    None
 Aura of Abjuration       Summ           ######....   14%         5    None
 Excruciating Wounds      Chrm/Necr      ######....   14%         5    None
 Fireball                 Conj/Fire      ######....   14%         5    None
 Iskenderun's Battlesphe  Conj/Chrm      ######..     14%         5    None
 Lightning Bolt           Conj/Air       ######....   14%         5    None
 Metabolic Englaciation   Hex/Ice        ######....   14%         5    None
 Summon Demon             Summ           ######....   14%         5    None
 Summon Mana Viper        Hex/Summ       ######..     14%         5    None
 Hydra Form               Tmut           ######....   45%         6    None
 Eringya's Noxious Bog    Tmut/Pois      ######....   50%         6    None
 Freezing Cloud           Conj/Ice/Air   ######....   54%         6    None
 Invisibility             Hex            ######..     54%         6    None
 Shadow Creatures         Summ           N/A          54%         6    None
 Starburst                Conj/Fire      ######....   54%         6    None
 Dragon Form              Tmut           ######....   94%         7    None
 Orb of Destruction       Conj           ######....   98%         7    None
 Ring of Flames           Chrm/Fire      ######....   98%         7    None
 Spellforged Servitor     Conj/Summ      ######....   98%         7    None
 Summon Hydra             Summ           ######....   98%         7    None
 Ignition                 Fire           ######....   100%        8    None
 Dragon's Call            Summ           ######....   100%        9    None


Dungeon Overview and Level Annotations

Branches:
Dungeon (15/15)            Temple (0/1) D:5            Lair (6/6) D:9
  Swamp (4/4) Lair:4        Snake (4/4) Lair:3        Slime (5/5) Lair:6
    Orc (2/2) D:10            Elf (3/3) Orc:2        Vaults (5/5) D:13
  Crypt (0/3) Vaults:3     Depths (5/5) D:15           Hell (visited)
    Zot (2/5) Depths:5      Sewer (visited)         Ossuary (visited)
  IceCv (visited)          WizLab (visited)         Gauntlet (visited)
    Dis: Hell:1         Geh: Hell:1         Coc: Hell:1         Tar: Hell:1

Shops:
D:13 }   Orc:1 }   Orc:2 ((?(   Vaults:2 [   Vaults:3 =   Vaults:4 (
Depths:1 *   Depths:4 ??*

Portals:
Hell: Depths:1 Depths:2 Depths:3 Depths:4 Depths:5
Abyss: Depths:2 Depths:4
Pandemonium: Depths:2 Depths:3
Ziggurat: Depths:4
Trove: Vaults:3 (give 7 potions of haste)

Annotations:
Elf:1 3 runed translucent doors
Pan Gloorx Vloq


Innate Abilities, Weirdness & Mutations

You have a considerably increased reservoir of magic. (+20% MP)
You have sharp toenails.
You have supernaturally acute eyesight. (SInv)
Your body sometimes deteriorates upon taking damage.
You are weak. (Str -2)
Your spells are a little harder to cast, but a little more powerful.


Message History

You are lightly contaminated with residual magic.
You feel a wrenching sensation.
You feel very sick. You block Gloorx Vloq's attack.
Gloorx Vloq calls on the powers of darkness!
Your body is wracked with pain!
* * * LOW HITPOINT WARNING * * *
Gloorx Vloq calls on the powers of darkness!
Your body is wracked with pain!
* * * LOW HITPOINT WARNING * * *
Unknown command.
Unknown command.
You feel much better.
You feel very sick.
Gloorx Vloq looks more healthy.
Gloorx Vloq calls on the powers of darkness!
Your body is wracked with pain!
* * * LOW HITPOINT WARNING * * *
Gloorx Vloq hits you!
You die...

#.#.#.#.# #
##...##.# #
#.#.#.#.##########
#..#..#.##........
#.#.#.#....#######
##...##....# #....
#.#.#.#....# #....
#..#..#.##.# #..≈≈
#@#.#.#.##.# #§§≈#
..... #.
##&..##....###§.≈#
#...# #.#
#.#.#.####.....§≈#
..... #.# #..#..#
#......§# #...#
#.# #.#.#.#
#####.§§# .....#.#
##...## #.§§≈
#...#.# ###.#.##
#..§. ...Z.#
###....## #....
#Z.&# ####.....##
#####


You could see Gloorx Vloq.

Vanquished Creatures
  the Royal Jelly (Slime:5)
  An ancient lich (Vaults:5)
  A juggernaut (Depths:3)
  Bai Suzhen (Swamp:4)
  Margery (Depths:4)
  Frederick (Vaults:2)
  3 caustic shrikes
  A pandemonium lord (Pan)
  A golden dragon (shapeshifter) (Depths:3)
  A mutant beast (WizLab)
  3 golden dragons
  the Enchantress (Depths:3)
  A bone dragon (Abyss:2)
  A Tzitzimitl (Pan)
  5 tentacled monstrosities
  A Hell Sentinel (Pan)
  A hellephant (Pan)
  A Brimstone Fiend (Pan)
  2 deep elf master archers (Elf:3)
  Asterion (Depths:3)
  6 liches
  A deep elf blademaster (Elf:3)
  6 titans (Vaults:5)
  18 acid blobs
  A death cob (Zot:1)
  14 Executioners (Pan)
  3 thorn hunters
  5 tentacled starspawn
  5 sphinxes
  An ancient champion (Vaults:3)
  10 tengu reavers
  Roxanne (D:14)
  A draconian monk (Depths:5)
  18 azure jellies
  4 shadow dragons
  4 storm dragons
  A daeva (Abyss:2)
  8 nagarajas
  11 fire giants
  4 frost giants
  A draconian scorcher (Abyss:2)
  2 iron dragons
  9 deep elf sorcerers
  A balrug (Pan)
  18 vault wardens
  2 warmongers (Pan)
  A draconian shifter (Depths:5)
  3 spriggan defenders (Depths:3)
  A curse skull (Pan)
  A draconian stormcaller (Zot:1)
  2 cacodemons (Pan)
  6 deep elf elementalists
  2 black suns (Pan)
  22 very ugly things
  11 ironheart preservers
  26 stone giants
  3 reapers (Pan)
  3 blood saints (Pan)
  A war gargoyle (Vaults:5)
  4 corrupters (Pan)
  4 entropy weavers
  2 vampire knights
  10 deep elf demonologists
  2 purple draconians
  A black draconian (Zot:1)
  A white draconian (Zot:1)
  6 deep elf annihilators
  A minotaur (shapeshifter) (WizLab)
  4 yellow draconians
  3 lorocyprocas
  12 spark wasps
  2 merfolk javelineers
  A minotaur (Gauntlet)
  8 deep elf death magi
  4 death oozes
  17 ettins
  2 jiangshi (Depths:1)
  7 blizzard demons
  17 fire dragons
  A merfolk impaler (Abyss:3)
  21 yaktaur captains
  37 vault guards
  11 ice dragons
  11 deep elf high priests
  2 rakshasas
  A hell beast (Pan)
  A quicksilver dragon skeleton (Pan)
  17 great orbs of eyes
  13 hydras
  5 monstrous demonspawn (Pan)
  17 naga warriors
  A death knight (Vaults:2)
  2 ghost crabs
  6 spriggan air magi
  A shambling mangrove (Swamp:3)
  10 anacondas
  12 centaur warriors
  36 two-headed ogres
  Erica (D:11)
  10 ogre magi
  4 deep troll shamans
  6 tengu warriors
  A queen ant (Lair:2)
  4 catoblepae (Lair:6)
  14 alligators
  30 dancing weapons
  9 spriggan berserkers
  2 hell hogs (Depths:2)
  A queen ant (shapeshifter) (WizLab)
  5 deep troll earth magi
  11 thrashing horrors
  A vampire mage (Depths:1)
  16 death yaks
  5 orc high priests
  6 shock serpents
  13 spriggans
  8 naga sharpshooters
  23 hell knights
  9 wretched stars
  A titan skeleton (Pan)
  5 skeletal warriors
  9 soul eaters
  8 sun demons
  22 deep elf knights
  An iron golem (WizLab)
  An iron troll (Depths:4)
  2 golden dragon zombies
  10 shadow wraiths
  10 sixfirhies
  5 unseen horrors
  A gelid demonspawn (Pan)
  19 deep trolls
  2 swamp dragons (shapeshifter)
  4 glowing orange brains
  A torturous demonspawn (Pan)
  4 salamander mystics
  6 shadow demons (Pan)
  7 wizards
  3 spriggan druids (Swamp:3)
  A death drake (shapeshifter) (WizLab)
  3 flayed ghosts
  An anaconda zombie (Abyss:2)
  6 infernal demonspawn (Pan)
  10 swamp dragons
  A glowing orange brain (shapeshifter) (Depths:2)
  2 phantasmal warriors
  11 orc knights
  7 harpies
  19 ironbrand convokers
  A tengu zombie (Depths:1)
  9 naga ritualists
  11 necromancers
  A lindwurm (shapeshifter) (WizLab)
  7 mana vipers
  A harpy (shapeshifter) (Vaults:5)
  A mana viper (shapeshifter) (WizLab)
  15 deep elf archers
  6 wolf spiders
  An iron dragon zombie (Depths:1)
  7 manticores
  48 ugly things
  A shadow dragon skeleton (Depths:3)
  A tengu skeleton (Depths:1)
  4 orc sorcerers
  3 cyclopes
  11 moths of wrath
  6 oklob plants
  An iron dragon skeleton (Pan)
  8 shining eyes
  A stone giant zombie (Depths:1)
  A sphinx skeleton (Depths:3)
  55 deep elf magi
  14 salamanders
  2 worldbinders
  39 black mambas
  A rust devil (Abyss:2)
  An elephant (shapeshifter) (D:15)
  2 fire giant skeletons
  A moth of wrath (shapeshifter) (WizLab)
  4 guardian serpents
  13 smoke demons
  2 black mambas (shapeshifter)
  2 eyes of devastation
  A salamander (shapeshifter) (Depths:3)
  2 frost giant skeletons
  13 vault sentinels
  2 spriggan zombies
  5 ice statues (IceCv)
  21 naga magi
  Psyche (D:8)
  Joseph (D:7)
  16 spiny frogs
  3 orange demons
  An eye of devastation (shapeshifter) (Depths:2)
  A stone giant skeleton (Vaults:5)
  A water nymph (shapeshifter) (Depths:3)
  4 centaur skeletons
  A spiny frog (shapeshifter) (Vaults:1)
  17 hellions (Pan)
  2 komodo dragons (shapeshifter) (WizLab)
  59 yaktaurs
  4 efreet
  2 torpor snails
  7 demonic crawlers (Pan)
  A gargoyle (D:13)
  2 tormentors
  A rime drake (Lair:6)
  An elf skeleton (Depths:2)
  An anaconda simulacrum (IceCv)
  A yaktaur (shapeshifter) (WizLab)
  6 ancient zymes
  2 kobold demonologists
  11 freezing wraiths
  6 hellwings
  4 komodo dragons
  2 elves (WizLab)
  2 golden dragon simulacra (IceCv)
  A merfolk (shapeshifter) (Elf:1)
  16 hornets
  A wandering mushroom (D:5)
  A polar bear (shapeshifter) (WizLab)
  A merfolk (D:10)
  A meliai (shapeshifter) (WizLab)
  A wind drake (shapeshifter) (Vaults:1)
  9 tengu conjurers
  A jumping spider (Vaults:4)
  A polar bear (Lair:6)
  9 tyrant leeches
  A queen bee (shapeshifter) (WizLab)
  6 trolls
  Prince Ribbit (D:5)
  12 raiju
  10 blink frogs
  A raiju (shapeshifter) (Vaults:2)
  A stone giant simulacrum (Vaults:5)
  Grinder (D:5)
  10 bog bodies
  A hippogriff (shapeshifter) (Depths:5)
  197 slime creatures
  A dream sheep (shapeshifter) (WizLab)
  An ettin zombie (Abyss:2)
  11 hippogriffs
  6 dream sheep
  2 air elementals
  An ettin skeleton (Pan)
  A fire giant simulacrum (Vaults:5)
  A spriggan skeleton (Depths:1)
  A vampire (D:15)
  5 shadows
  A tarantella (Vaults:4)
  2 spriggans (shapeshifter) (WizLab)
  6 ynoxinuls
  A flying skull (Abyss:2)
  21 starcursed masses
  2 tarantellas (shapeshifter)
  15 water elementals
  29 large abominations
  3 redbacks (Vaults:4)
  5 wyverns
  4 wraiths
  A dire elephant simulacrum (IceCv)
  A hog (shapeshifter) (WizLab)
  A steam dragon (D:10)
  53 yaks
  A basilisk (Lair:4)
  2 fire elementals
  23 vampire mosquitoes
  3 fire bats (Pan)
  2 golden eyes (shapeshifter)
  8 golden eyes
  A hog (D:10)
  3 humans (WizLab)
  A hungry ghost (D:10)
  A basilisk (shapeshifter) (Vaults:2)
  Grum (D:11)
  14 chaos spawn
  A neqoxec (Abyss:2)
  Menkaure (D:5)
  56 nagas
  A naga (shapeshifter) (WizLab)
  7 wargs
  2 harpy simulacra (IceCv)
  24 swamp worms
  An iron troll simulacrum (IceCv)
  An acid dragon (shapeshifter) (WizLab)
  11 hell hounds (Depths:2)
  16 insubstantial wisps
  A warg (shapeshifter) (WizLab)
  4 acid dragons
  13 water moccasins
  3 porcupines
  A swamp worm (shapeshifter) (WizLab)
  10 soldier ants (Lair:2)
  27 small abominations
  5 floating eyes
  2 hydra simulacra (IceCv)
  14 swamp drakes
  2 human zombies (Vaults:5)
  10 ice beasts
  38 orc warriors
  An eye of draining (shapeshifter) (WizLab)
  2 ice beasts (shapeshifter) (WizLab)
  6 sky beasts
  A black bear (shapeshifter) (Vaults:1)
  10 black bears
  4 slaves (D:4)
  38 ogres
  A necrophage (D:8)
  34 centaurs
  4 phantoms
  12 eyes of draining
  20 crocodiles
  8 wolves
  A crocodile (shapeshifter) (Vaults:5)
  3 elf zombies
  7 big kobolds
  A bullfrog (shapeshifter) (Vaults:2)
  3 earth elementals
  18 bullfrogs
  2 gnoll sergeants (D:10)
  A yaktaur skeleton (Depths:1)
  A water moccasin zombie (D:8)
  A glowing shapeshifter simulacrum (Depths:3)
  3 wyvern skeletons
  2 scorpions (D:12)
  A hornet simulacrum (D:15)
  A water moccasin skeleton (D:7)
  2 elf simulacra
  2 human simulacra
  6 killer bees (D:8)
  4 howler monkeys
  5 wights (D:6)
  6 electric eels (D:10)
  6 crimson imps
  A bullfrog zombie (D:11)
  7 hounds
  A lava snake (D:15)
  5 quasits
  7 centaur zombies
  43 orc priests
  6 iron imps
  2 jellies
  31 orc wizards
  Crazy Yiuf (D:5)
  3 gnoll shamans (D:10)
  38 worker ants
  Jessica (D:2)
  4 bullfrog skeletons
  5 iguanas
  6 lightning spires (Abyss:3)
  3 mummies (Ossuary)
  2 hound zombies
  2 howler monkey zombies
  A gnoll (D:10)
  2 adders (shapeshifter)
  14 adders
  4 shadow imps
  5 white imps
  3 ufetubi
  An ooze (D:2)
  3 adder zombies
  An ooze (shapeshifter) (WizLab)
  A worm (shapeshifter) (WizLab)
  A worm (D:2)
  A dart slug (D:1)
  18 leopard geckos
  112 orcs
  4 ball pythons
  15 bats
  8 giant cockroaches
  6 hobgoblins
  10 jackals
  6 quokkas
  A ball python (shapeshifter) (WizLab)
  4 frilled lizards
  12 goblins
  3 goblin zombies (Ossuary)
  5 hobgoblin zombies (Ossuary)
  12 kobolds
  A kobold zombie (Ossuary)
  A quokka skeleton (D:4)
  A quokka zombie (Ossuary)
  4 rats
  4 rat zombies (Ossuary)
  A fire vortex (D:15)
  4 fungi
  14 plants
  A starspawn tentacle (Abyss:2)
2863 creatures vanquished.

Vanquished Creatures (collateral kills)
  A fire giant (Vaults:3)
  A reaper (Gauntlet)
  An ironheart preserver (Vaults:3)
  An entropy weaver (Vaults:3)
  A fire dragon (shapeshifter) (Vaults:3)
  A great orb of eyes (Vaults:3)
  A spriggan air mage (Depths:2)
  2 ogre magi (Vaults:3)
  5 two-headed ogres
  A centaur zombie (D:10)
  A vault sentinel (Vaults:3)
  2 yaktaurs (Vaults:3)
  A freezing wraith (Vaults:3)
  A komodo dragon (Lair:2)
  4 ogres
  A bullfrog (D:8)
  An orc wizard (D:7)
  A worker ant (Lair:2)
  An orc (D:7)
28 creatures vanquished.

Vanquished Creatures (others)
  A deep elf mage (Elf:2)
  A blink frog (Lair:6)
  A raiju (Abyss:2)
  A ynoxinul (Abyss:2)
  A yak (D:13)
  A neqoxec (Abyss:2)
  A vampire mosquito (Swamp:2)
  3 soldier ants (Lair:2)
  A small abomination (Abyss:2)
  An orc warrior (D:9)
  A hound (D:8)
  An ufetubus (Abyss:2)
  2 orcs (D:9)
  A bush (D:10)
  15 fungi
  3 lurking horrors (Abyss:2)
  16 plants
  5 starspawn tentacles (Abyss:2)
56 creatures vanquished.

Grand Total: 2947 creatures vanquished

Notes
Turn   | Place    | Note
-------+----------+-------------------------------------------
     0 | D:1      | Johnny the Demigod Earth Elementalist began the quest for
                  | the Orb.
     0 | D:1      | Reached XP level 1. HP: 14/14 MP: 5/5
   336 | D:1      | Reached skill level 2 in Spellcasting
   340 | D:1      | Reached XP level 2. HP: 20/20 MP: 7/7
  1276 | D:2      | Found a shattered altar of Ashenzari.
  1483 | D:2      | Noticed Jessica
  1488 | D:2      | Killed Jessica
  1488 | D:2      | Reached XP level 3. HP: 13/26 MP: 6/9
  1802 | D:2      | Found a sacrificial altar of Ru.
  2149 | D:2      | Reached XP level 4. HP: 28/33 MP: 6/10
  2235 | D:2      | Reached skill level 1 in Shields
  2379 | D:2      | Found a shimmering blue altar of Sif Muna.
  2756 | D:3      | Reached XP level 5. HP: 38/38 MP: 9/12
  2799 | D:3      | Found a hazy altar of Hepliaklqana.
  3231 | D:3      | Found a burning altar of Makhleb.
  3234 | D:3      | Reached skill level 3 in Spellcasting
  3460 | D:4      | Reached skill level 5 in Earth Magic
  3468 | D:4      | Found a glowing drain.
  3477 | D:4      | Reached XP level 6. HP: 44/45 MP: 6/13
  3487 | Sewer    | Entered a sewer
  3643 | Sewer    | Identified Peudakh's Handbook of Beguiling and Damage
                  | Dealing
  3859 | D:4      | Learned a level 3 spell: Stone Arrow
  4193 | D:4      | Found a hide-covered altar of Uskayaw.
  4202 | D:4      | Noticed Pikel
  4211 | D:4      | Noticed Pikel
  4211 | D:4      | Pikel changed into Pikel the blink frog
  4225 | D:4      | Killed Pikel the blink frog
  4225 | D:4      | Reached XP level 7. HP: 4/50 MP: 4/16
  4786 | D:5      | Entered Level 5 of the Dungeon
  4807 | D:5      | Noticed Menkaure
  4811 | D:5      | Reached skill level 4 in Spellcasting
  4815 | D:5      | Killed Menkaure
  4872 | D:5      | Found a shadowy altar of Dithmenos.
  4963 | D:5      | Noticed Grinder
  4972 | D:5      | Killed Grinder
  4972 | D:5      | Reached XP level 8. HP: 40/57 MP: 1/18
  5178 | D:5      | Found a staircase to the Ecumenical Temple.
  5415 | D:5      | Found a blossoming altar of Fedhas.
  5422 | D:5      | You fall into a shaft and drop 3 floors!
  5812 | D:8      | Noticed Psyche
  5816 | D:8      | Killed Psyche
  5816 | D:8      | Reached skill level 5 in Spellcasting
  6353 | D:7      | Reached skill level 5 in Shields
  6422 | D:6      | Reached XP level 9. HP: 46/62 MP: 2/20
  6445 | D:6      | Found a stormy altar of Qazlal.
  6460 | D:6      | Found a sand-covered staircase.
  6469 | Ossuary  | Entered an ossuary
  7704 | D:6      | Learned a level 5 spell: Lee's Rapid Deconstruction
  7709 | D:6      | Learned a level 4 spell: Petrify
  7752 | D:6      | Found a white marble altar of Elyvilon.
  7762 | D:6      | Reached skill level 6 in Spellcasting
  8172 | D:6      | Found a bloodstained altar of Trog.
  8253 | D:5      | Found a runed translucent door.
  8254 | D:5      | Noticed Crazy Yiuf
  8368 | D:5      | Noticed Prince Ribbit
  8374 | D:5      | Killed Prince Ribbit
  8772 | D:5      | Noticed an oklob plant
  8811 | D:5      | an oklob plant changed into a wandering mushroom
  9115 | D:5      | Killed Crazy Yiuf
  9121 | D:5      | Got a jewelled mace
  9123 | D:5      | Identified the +6 mace of the Blowfly {drain, Int+4} (You
                  | found it on level 5 of the Dungeon)
  9517 | D:7      | Reached skill level 10 in Earth Magic
  9938 | D:7      | Found a white marble altar of Elyvilon.
  9939 | D:7      | Noticed Harold
  9944 | D:7      | Noticed Harold
  9944 | D:7      | Harold changed into Harold the mana viper
  9946 | D:7      | Killed Harold the mana viper
  9946 | D:7      | Reached XP level 10. HP: 69/69 MP: 12/23
 10236 | D:7      | Noticed Joseph
 10242 | D:7      | Killed Joseph
 11163 | D:8      | Found a snail-covered altar of Cheibriados.
 11165 | D:8      | Found an opulent altar of Gozag.
 11657 | D:8      | Noticed a two-headed ogre
 11660 | D:8      | Killed a two-headed ogre
 11660 | D:8      | Reached skill level 7 in Spellcasting
 11751 | D:8      | Found an ornate altar of the Wu Jian Council.
 12350 | D:9      | Noticed a death yak
 12351 | D:9      | Noticed a death yak
 12387 | D:9      | Killed a death yak
 12389 | D:9      | Killed a death yak
 12598 | D:9      | Noticed a death yak
 12601 | D:9      | Noticed a death yak
 12601 | D:9      | Noticed a death yak
 12602 | D:9      | Noticed a death yak
 12604 | D:9      | Killed a death yak
 12606 | D:9      | Killed a death yak
 12609 | D:9      | Noticed a death yak
 12872 | D:9      | Reached XP level 11. HP: 67/74 MP: 10/26
 13124 | D:9      | Found a staircase to the Lair.
 13278 | D:10     | Entered Level 10 of the Dungeon
 13519 | D:10     | Found a staircase to the Orcish Mines.
 13732 | D:10     | Learned a level 6 spell: Iron Shot
 14455 | D:10     | Reached skill level 8 in Spellcasting
 15112 | D:10     | Noticed a two-headed ogre
 15156 | D:10     | Killed a two-headed ogre
 15224 | D:10     | Found a glowing golden altar of the Shining One.
 15299 | D:10     | Noticed a two-headed ogre
 15307 | D:10     | Killed a two-headed ogre
 15490 | D:10     | Noticed a two-headed ogre
 15506 | D:10     | Killed a two-headed ogre
 15658 | D:10     | Identified Picsamn's Almanac of the Excruciating Arsonist
 15681 | D:10     | Got a smelly scale mail
 15682 | D:10     | Identified the +6 scale mail of Conscience {rPois} (You
                  | found it on level 10 of the Dungeon)
 16873 | D:11     | Noticed a two-headed ogre
 16877 | D:11     | Killed a two-headed ogre
 17140 | D:11     | Noticed a two-headed ogre
 17148 | D:11     | Killed a two-headed ogre
 17255 | D:11     | Reached XP level 12. HP: 55/81 MP: 12/29
 17412 | D:11     | Noticed Erica
 17417 | D:11     | Reached skill level 9 in Spellcasting
 17619 | D:11     | Noticed Grum
 17629 | D:11     | Killed Grum
 17737 | D:11     | Killed Erica
 19487 | D:12     | Noticed a two-headed hydra
 19489 | D:12     | Killed a two-headed hydra
 20784 | D:13     | Found Jisaf's Gadget Shoppe.
 20993 | D:13     | You fall into a shaft and drop 2 floors!
 20993 | D:15     | Entered Level 15 of the Dungeon
 21237 | D:14     | Reached skill level 10 in Spellcasting
 21976 | D:14     | Noticed a centaur warrior
 21977 | D:14     | Noticed Roxanne
 21990 | D:14     | Killed a centaur warrior
 21991 | D:14     | Reached skill level 15 in Earth Magic
 22274 | D:14     | Killed Roxanne
 22274 | D:14     | Reached XP level 13. HP: 64/86 MP: 1/32
 23506 | D:13     | Found a gate to the Vaults.
 24143 | D:13     | Reached skill level 11 in Spellcasting
 24324 | D:13     | You fall into a shaft and drop 1 floor!
 24732 | Orc:1    | Entered Level 1 of the Orcish Mines
 24929 | Orc:1    | Found a roughly hewn altar of Beogh.
 25778 | Orc:1    | Found Pusinig's Gadget Emporium.
 25893 | Orc:2    | Entered Level 2 of the Orcish Mines
 26182 | Orc:2    | Noticed a stone giant
 27303 | Orc:1    | Killed a stone giant
 28135 | Orc:2    | Found Onukit's Antique Weapon Shoppe.
 28135 | Orc:2    | Found Ynnisoh's Food Shoppe.
 28135 | Orc:2    | Found Kuexugobar's Magic Scroll Emporium.
 28140 | Orc:2    | Found Kamiugox's Weapon Emporium.
 28149 | Orc:2    | Bought a scroll of identify for 26 gold pieces
 28149 | Orc:2    | Bought a scroll of identify for 26 gold pieces
 28149 | Orc:2    | Bought a scroll of identify for 26 gold pieces
 28149 | Orc:2    | Bought a scroll of magic mapping for 45 gold pieces
 28149 | Orc:2    | Bought a scroll of magic mapping for 45 gold pieces
 28149 | Orc:2    | Bought a scroll of teleportation for 39 gold pieces
 28149 | Orc:2    | Bought a scroll of fog for 26 gold pieces
 28149 | Orc:2    | Bought a scroll of fog for 26 gold pieces
 28149 | Orc:2    | Bought a scroll of identify for 26 gold pieces
 28314 | Orc:2    | Found Orghogif's Antique Weapon Shop.
 28349 | Orc:2    | Found a staircase to the Elven Halls.
 28539 | Lair:1   | Entered Level 1 of the Lair of Beasts
 28602 | Lair:1   | Found a gate leading to a gauntlet.
 28611 | Gauntlet | Entered a Gauntlet
 28611 | Gauntlet | Found a transporter.
 28611 | Gauntlet | Found a transporter.
 28692 | Gauntlet | Found a transporter.
 28696 | Gauntlet | Found a transporter.
 28705 | Gauntlet | Found a transporter.
 28708 | Gauntlet | Found a transporter.
 28717 | Gauntlet | Found a transporter.
 28735 | Gauntlet | Found a transporter.
 28746 | Gauntlet | Found a transporter.
 28750 | Gauntlet | Found a transporter.
 28761 | Gauntlet | Found a transporter.
 28762 | Gauntlet | Found a transporter.
 28861 | Gauntlet | Noticed a reaper
 29231 | Gauntlet | Got a fading helmet
 29245 | Gauntlet | Killed a reaper
 29381 | Gauntlet | Learned a level 9 spell: Shatter
 29421 | Gauntlet | Identified the amulet of Salvation {Faith MP+9 Str+4}
 29421 | Gauntlet | Noticed a minotaur
 29427 | Gauntlet | Killed a minotaur
 29529 | Gauntlet | Identified the +2 helmet of Levity {rC+ SInv Stlth+} (You
                  | found it in a Gauntlet)
 29802 | Lair:1   | Reached XP level 14. HP: 38/93 MP: 20/34
 33537 | Lair:3   | Found a staircase to the Snake Pit.
 33739 | Lair:3   | Reached skill level 12 in Spellcasting
 35174 | Lair:4   | Found a staircase to the Swamp.
 36500 | Lair:6   | Entered Level 6 of the Lair of Beasts
 38185 | Lair:6   | Learned a level 2 spell: Sublimation of Blood
 39113 | Lair:6   | Found a staircase to the Slime Pits.
 40791 | Elf:1    | Entered Level 1 of the Elven Halls
 40795 | Elf:1    | Reached XP level 15. HP: 99/99 MP: 34/36
 41032 | Elf:1    | Got a polished buckler
 41298 | Elf:1    | Identified the +2 buckler of the Iron City of Dis {rPois}
                  | (You found it on level 1 of the Elven Halls)
 41866 | Elf:1    | Reached skill level 13 in Spellcasting
 42130 | Elf:1    | Identified the cursed +1 leather armour of Ajeywkan {rElec
                  | rC+ Dex-3}
 42209 | Elf:1    | Found a runed translucent gate.
 42209 | Elf:1    | Found a runed translucent gate.
 42209 | Elf:1    | Found a runed translucent gate.
 42209 | Elf:1    | Found a runed translucent gate.
 42209 | Elf:1    | Found a runed translucent gate.
 42210 | Elf:1    | Found a runed translucent gate.
 42210 | Elf:1    | Noticed a storm dragon
 42720 | Elf:1    | Identified a scroll of acquirement
 42722 | Elf:1    | Acquired 1000 gold pieces
 43589 | Elf:2    | Acquired an uncursed staff of earth
 43745 | Elf:2    | Found a huge runed translucent gate.
 43745 | Elf:2    | Found a huge runed translucent gate.
 43745 | Elf:2    | Found a huge runed translucent gate.
 43745 | Elf:2    | Found a huge runed translucent gate.
 43746 | Elf:2    | Found a huge runed translucent gate.
 45057 | Elf:2    | Reached XP level 16. HP: 103/105 MP: 39/39
 45522 | Elf:3    | Entered Level 3 of the Elven Halls
 45908 | Elf:3    | Reached skill level 14 in Spellcasting
 47041 | Elf:3    | Killed a deep elf master archer
 47141 | Elf:3    | Noticed a Tzitzimitl
 47402 | Elf:3    | Noticed an Executioner
 47450 | Elf:3    | Noticed a deep elf blademaster
 47457 | Elf:3    | Killed a deep elf blademaster
 47485 | Elf:3    | Identified the +3 dagger of Jiamebbe {freeze, rElec}
 47875 | Elf:3    | Cast into level 3 of the Abyss (a deep elf sorcerer)
 48060 | Abyss:3  | Found a corrupted altar of Lugonu.
 48375 | Elf:3    | Escaped the Abyss
 48460 | Elf:3    | Noticed a deep elf master archer
 48464 | Elf:3    | Killed a deep elf master archer
 49175 | Snake:1  | Entered Level 1 of the Snake Pit
 49229 | Snake:1  | Reached XP level 17. HP: 111/111 MP: 30/41
 49388 | Snake:1  | Found a stormy altar of Qazlal.
 49889 | Snake:1  | Learned a level 8 spell: Controlled Blink
 49966 | Snake:1  | Found a shimmering altar of Xom.
 49968 | Snake:1  | Reached skill level 15 in Spellcasting
 53778 | Snake:3  | Found a sparkling altar of Nemelex Xobeh.
 54028 | Snake:4  | Entered Level 4 of the Snake Pit
 55949 | Snake:4  | Reached XP level 18. HP: 117/117 MP: 33/43
 56373 | Snake:4  | Got a serpentine rune of Zot
 56591 | Snake:4  | Reached skill level 16 in Spellcasting
 56799 | Swamp:1  | Entered Level 1 of the Swamp
 57092 | Swamp:1  | Reached skill level 1 in Translocations
 58803 | Swamp:2  | Found a frozen archway.
 58808 | IceCv    | Entered an ice cave
 59515 | IceCv    | Got a coiled copper ring
 59530 | IceCv    | Identified the ring "Zed Zog" {*Slow rElec Str+6 Int+4}
                  | (You found it in an ice cave)
 62461 | Swamp:4  | Entered Level 4 of the Swamp
 62687 | Swamp:4  | Got a twisted robe
 63346 | Swamp:4  | Reached skill level 10 in Shields
 63380 | Swamp:4  | Noticed Bai Suzhen
 63422 | Swamp:4  | Identified the cursed +1 robe of Impermeability {Str+4}
                  | (You found it on level 4 of the Swamp)
 63719 | Swamp:4  | Got a decaying rune of Zot
 63794 | Swamp:4  | Killed Bai Suzhen
 64635 | D:15     | Reached XP level 19. HP: 116/123 MP: 35/45
 64881 | D:15     | Reached skill level 5 in Translocations
 66023 | D:15     | Found a staircase to the Depths.
 66050 | Depths:1 | Entered Level 1 of the Depths
 66144 | Vaults:1 | Entered Level 1 of the Vaults
 68566 | Vaults:2 | Paralysed by a great orb of eyes for 7 turns
 69727 | Vaults:3 | Found a staircase to the Crypt.
 70056 | Vaults:3 | Found a magical portal.
 70065 | WizLab   | Entered Cigotuvi's Fleshworks
 70391 | WizLab   | Identified the amulet of Wemetranwo {Reflect Str+3 Int-2
                  | Dex+3 SH+5}
 70427 | WizLab   | Reached XP level 20. HP: 122/129 MP: 7/46
 70434 | WizLab   | Paralysed by a floating eye for 4 turns
 70441 | WizLab   | Paralysed by a floating eye for 4 turns
 70449 | WizLab   | Paralysed by a floating eye for 2 turns
 71608 | WizLab   | Identified Cigotuvi's Reference Book on Doomed Changing
 71611 | WizLab   | Identified the Catalogue of Shape Shifting
 72606 | Vaults:2 | Reached skill level 17 in Spellcasting
 72726 | Vaults:2 | Noticed Frederick
 72729 | Vaults:2 | Killed Frederick
 73458 | Vaults:2 | Found Qilas's Armour Boutique.
 73663 | Vaults:3 | Found Lame's Jewellery Shop.
 73671 | Vaults:3 | Bought the amulet "Jeameusa" {RegenMP *Contam rPois Int+5}
                  | for 875 gold pieces
 73671 | Vaults:3 | Bought the ring of Robustness {AC+8} for 2432 gold pieces
 73671 | Vaults:3 | Found the ring of Robustness {AC+8}
 73671 | Vaults:3 | Bought the ring of Okawaru's Envy {rCorr Int+4 Dex+6} for
                  | 912 gold pieces
 73712 | Vaults:3 | Found a portal to a secret trove of treasure.
 74496 | Vaults:4 | Found Ceeffot's Weapon Shoppe.
 75070 | Vaults:4 | Reached skill level 18 in Spellcasting
 76168 | Vaults:5 | Entered Level 5 of the Vaults
 76168 | Vaults:5 | Noticed a golden dragon
 76170 | Vaults:5 | Reached XP level 21. HP: 133/133 MP: 32/50
 76175 | Vaults:5 | Killed a golden dragon
 76177 | Vaults:5 | Reached skill level 19 in Spellcasting
 76391 | Vaults:5 | Identified the +6 mace of Thoughtfulness {vorpal, rPois
                  | Dex+4}
 76470 | Vaults:5 | Noticed an ancient lich
 76472 | Vaults:5 | Killed an ancient lich
 76474 | Vaults:5 | Reached skill level 20 in Spellcasting
 76475 | Vaults:5 | Identified the +11 battleaxe of Uluas {drain, Str+6 Stlth+}
 77375 | Vaults:5 | Identified the cursed +1 rapier "Qaonowos" {freeze, *Drain
                  | Str+3 Int+3}
 77381 | Vaults:5 | Reached skill level 21 in Spellcasting
 77487 | Vaults:5 | Reached XP level 22. HP: 141/141 MP: 40/53
 77526 | Vaults:5 | Got a silver rune of Zot
 77544 | Vaults:5 | Identified a +2 pair of boots of running (You found it on
                  | level 5 of the Vaults)
 77624 | Vaults:5 | Identified the +2 robe "Neusyph" {Dex+3}
 77909 | Vaults:5 | Identified the cursed +3 hand axe "Vukaomag" {vamp, +Fly
                  | rC- MR+ Str+2}
 78748 | Vaults:5 | Got a crude hand crossbow
 78749 | Vaults:5 | Identified the +8 hand crossbow of Intuition {speed,
                  | *Contam MR+ Int+5 Stlth+} (You found it on level 5 of the
                  | Vaults)
 79102 | Orc:2    | Bought a ration for 70 gold pieces
 79102 | Orc:2    | Bought a ration for 70 gold pieces
 79102 | Orc:2    | Bought a ration for 70 gold pieces
 79102 | Orc:2    | Bought a ration for 70 gold pieces
 79102 | Orc:2    | Bought a ration for 70 gold pieces
 79102 | Orc:2    | Bought a ration for 70 gold pieces
 79102 | Orc:2    | Bought a ration for 70 gold pieces
 79102 | Orc:2    | Bought a ration for 70 gold pieces
 79102 | Orc:2    | Bought a ration for 70 gold pieces
 79102 | Orc:2    | Bought a ration for 70 gold pieces
 79102 | Orc:2    | Bought a ration for 70 gold pieces
 79102 | Orc:2    | Bought a ration for 70 gold pieces
 79102 | Orc:2    | Bought a ration for 70 gold pieces
 79975 | Depths:1 | Found Ycuad's General Store.
 80228 | Depths:1 | Found a gateway to Hell.
 80369 | Depths:1 | Bought the +2 pair of boots of Trial and Error {*Contam
                  | Int+4} for 340 gold pieces
 80369 | Depths:1 | Bought a scroll of fog for 28 gold pieces
 80369 | Depths:1 | Bought a box of beasts for 280 gold pieces
 80369 | Depths:1 | Bought a ration for 70 gold pieces
 80540 | Depths:2 | Found a one-way gate leading to the halls of Pandemonium.
 80671 | Depths:2 | Reached skill level 22 in Spellcasting
 81190 | Depths:2 | Noticed a caustic shrike
 81192 | Depths:2 | Killed a caustic shrike
 81684 | Depths:2 | Found a one-way gate to the infinite horrors of the Abyss.
 82538 | Slime:1  | Entered Level 1 of the Pits of Slime
 82715 | Slime:1  | Gained mutation: You are clumsy. (Dex -2) [a shining eye]
 82720 | Slime:1  | Gained mutation: You have a pair of small horns on your
                  | head. [a shining eye]
 82723 | Slime:1  | Lost mutation: You are clumsy. (Dex -2) [potion of
                  | mutation]
 82723 | Slime:1  | Lost mutation: You have a pair of small horns on your head.
                  | [potion of mutation]
 82723 | Slime:1  | Gained mutation: You have sharp toenails. [potion of
                  | mutation]
 82723 | Slime:1  | Gained mutation: You have a considerably increased
                  | reservoir of magic. (+20% MP) [potion of mutation]
 82723 | Slime:1  | Gained mutation: Your spells are a little harder to cast,
                  | but a little more powerful. [potion of mutation]
 82723 | Slime:1  | Gained mutation: You have supernaturally acute eyesight.
                  | (SInv) [potion of mutation]
 83764 | Slime:3  | Reached XP level 23. HP: 147/147 MP: 19/61
 83877 | Slime:3  | Gained mutation: You are weak. (Str -2) [a shining eye]
 83879 | Slime:3  | Gained mutation: Your body sometimes deteriorates upon
                  | taking damage. [a shining eye]
 84125 | Slime:3  | Reached skill level 23 in Spellcasting
 85083 | Slime:5  | Entered Level 5 of the Pits of Slime
 85234 | Slime:4  | Learned a level 4 spell: Leda's Liquefaction
 85336 | Slime:4  | Reached skill level 10 in Translocations
 85520 | Slime:5  | Noticed the Royal Jelly
 85952 | Slime:5  | Killed the Royal Jelly
 86080 | Slime:5  | Got a transparent leather armour
 86097 | Slime:5  | Got a flickering bone ring
 86098 | Slime:5  | Identified the +2 leather armour of the Playwright
                  | {*Corrode rC+ rN+ Int+4} (You found it on level 5 of the
                  | Pits of Slime)
 86099 | Slime:5  | Identified the ring of Violas {rF+ rN+ Str+6 Dex+4} (You
                  | found it on level 5 of the Pits of Slime)
 86126 | Slime:5  | Got a translucent scale mail
 86137 | Slime:5  | Identified the +1 scale mail of Hangman {MR+} (You found it
                  | on level 5 of the Pits of Slime)
 86173 | Slime:5  | Got a slimy mace
 86174 | Slime:5  | Identified the +7 mace "Impslayer" {vorpal, rF- rC+ Str+4
                  | Dex+4} (You found it on level 5 of the Pits of Slime)
 86222 | Slime:5  | Got a slimy rune of Zot
 86236 | Slime:5  | Got a warped mace
 86238 | Slime:5  | Identified the +3 mace "Jellybane" {drain, rPois rF+++
                  | Str-5 Int+2} (You found it on level 5 of the Pits of Slime)
 86766 | Depths:3 | Reached skill level 1 in Armour
 86766 | Depths:3 | Noticed Asterion
 86770 | Depths:3 | Killed Asterion
 86966 | Depths:3 | Noticed a juggernaut
 86970 | Depths:3 | Killed a juggernaut
 86980 | Depths:3 | Noticed the Enchantress
 86984 | Depths:3 | Killed the Enchantress
 88290 | Depths:4 | Reached skill level 5 in Armour
 88290 | Depths:4 | Noticed Margery
 88295 | Depths:4 | Killed Margery
 88382 | Depths:4 | Reached XP level 24. HP: 147/154 MP: 17/62
 88579 | Depths:4 | Identified the Guide on Destructive Contamination
 88593 | Depths:4 | Paralysed by a sphinx for 3 turns
 89002 | Depths:4 | Found Enotou Zuba's Magic Scroll Shop.
 89014 | Depths:4 | Bought a scroll of enchant armour for 105 gold pieces
 89014 | Depths:4 | Bought a scroll of vulnerability for 105 gold pieces
 89014 | Depths:4 | Bought a scroll of identify for 28 gold pieces
 89014 | Depths:4 | Bought a scroll of identify for 28 gold pieces
 89403 | Depths:4 | Found Upoosocuek's Magic Scroll Shop.
 89431 | Depths:4 | Bought a scroll of identify for 32 gold pieces
 89431 | Depths:4 | Bought a scroll of holy word for 120 gold pieces
 89431 | Depths:4 | Bought a scroll of holy word for 120 gold pieces
 89431 | Depths:4 | Bought a scroll of blinking for 120 gold pieces
 89431 | Depths:4 | Bought a scroll of identify for 32 gold pieces
 89431 | Depths:4 | Bought a scroll of holy word for 120 gold pieces
 89644 | Depths:4 | Found Vasus's General Store.
 89649 | Depths:4 | Bought a potion of curing for 72 gold pieces
 89649 | Depths:4 | Bought a potion of curing for 72 gold pieces
 89649 | Depths:4 | Bought a scroll of teleportation for 72 gold pieces
 89649 | Depths:4 | Bought a potion of brilliance for 96 gold pieces
 89649 | Depths:4 | Bought a scroll of identify for 48 gold pieces
 89649 | Depths:4 | Bought a ration for 120 gold pieces
 89847 | Depths:4 | Found a gateway to a ziggurat.
 90295 | Hell     | Entered the Vestibule of Hell
 90346 | Depths:5 | Entered Level 5 of the Depths
 90460 | Depths:5 | Reached skill level 24 in Spellcasting
 90621 | Depths:5 | Found a gate to the Realm of Zot.
 91060 | Depths:5 | Learned a level 2 spell: Blink
 91369 | Depths:5 | Identified the amulet "Fikel" {Spirit Dex+3}
 91941 | Zot:1    | Entered Level 1 of the Realm of Zot
 92689 | Zot:1    | Got a heavily runed ring mail
 92690 | Zot:1    | Identified the +1 ring mail of Midsummer {+Inv MR- Dex+2}
                  | (You found it on level 1 of the Realm of Zot)
 92822 | Depths:4 | Voluntarily entered the Abyss.
 92861 | Abyss:1  | Found a corrupted altar of Lugonu.
 93484 | Abyss:2  | Reached skill level 10 in Armour
 93527 | Abyss:2  | Got a brightly glowing ring mail
 93640 | Abyss:2  | Identified the cursed +1 ring mail "Ehayfam" {*Corrode
                  | *Slow rF+++ Stlth+} (You found it on level 2 of the Abyss)
 93643 | Abyss:2  | Got a translucent leather armour
 93920 | Abyss:2  | Reached XP level 25. HP: 145/159 MP: 46/63
 94691 | Abyss:3  | Found a corrupted altar of Lugonu.
 94911 | Abyss:3  | Got an abyssal rune of Zot
 95043 | Abyss:4  | Found a roughly hewn altar of Beogh.
 95052 | Depths:4 | Escaped the Abyss
 95159 | Pan      | Entered Pandemonium
 95257 | Pan      | Identified the +1 leather armour of Wisdom {rElec rPois
                  | Int-2 Stlth+} (You found it on level 2 of the Abyss)
 95417 | Pan      | Noticed Kagreg the pandemonium lord
 95420 | Pan      | Killed Kagreg the pandemonium lord
 95460 | Pan      | Got a glittering amber ring
 96807 | Pan      | Identified the ring of Dim Light {rC+ MP+9 Str+3} (You
                  | found it in Pandemonium)
 96920 | Pan      | Got a demonic rune of Zot
 96967 | Pan      | Reached skill level 25 in Spellcasting
 96976 | Pan      | Entered the realm of Gloorx Vloq.
 97910 | Pan      | Reached skill level 15 in Armour
 97910 | Pan      | Reached XP level 26. HP: 98/166 MP: 2/64
 98314 | Pan      | Noticed Gloorx Vloq
 98344 | Pan      | Slain by Gloorx Vloq

Illustrated notes

Levels and vault maps discovered:
D:1:      lemuel_arrival_rhombus, layout_basic
D:2:      layout_basic, lemuel_coloured_pillars_altar, lemuel_blue_sif_altar,
          ashenzari_altar_1, first_ration, uniq_jessica
D:3:      layout_rooms, nicolae_overflow_crystal_walls, demons_altar
D:4:      layout_gridville, lemuel_doored_altar, portal_sewer_entry_f,
          uniq_pikel
D:5:      layout_loops_ring, nicolae_dithmenos_the_darkroom,
          minmay_temple_entry_offerings, tgw_fedhas, uniq_prince_ribbit1,
          uniq_crazy_yiuf_cottage, uniq_menkaure, uniq_grinder
D:6:      layout_basic, kennysheep_mini_moat, old_standard_altar,
          elyvilon_altar_3, nicolae_ossuary_entry_monument
D:7:      layout_basic, basic_altar, uniq_harold, uniq_joseph
D:8:      layout_basic, lemuel_crystal_altar,
          chequers_temple_overflow_statue_of_worship,
          chequers_serial_rivers_large_b, uniq_psyche
D:9:      layout_long_grid, dpeg_lair_monsters, special_room [special_room_orc]
D:10:     kennysheep_town
D:11:     layout_roguey, uniq_grum, uniq_erica
D:12:     minmay_goldmine, layout_basic, nicolae_sextant, hangedman_ranch
          [blue_anna_fruit_fields]
D:13:     layout_basic, hangedman_vaults_entry_quadrant_bands, serial_shops,
          shop, moated_statue
D:14:     layout_rooms, kennysheep_donut, hex_intersection, uniq_roxanne
D:15:     grunt_enter_depths_hoard, layout_cave_pools, kennysheep_pointless_box
Lair:1:   layout_long_grid, gauntlet_entry_generic, st_stairs_13,
          chequers_serial_rivers_micro_a
Lair:2:   layout_gridlike, zaba_anthell
Lair:3:   layout_hall_layers, minmay_snake_entry_six_corridors
Lair:4:   layout_loops_ring, skrybe_swamp_entry_bodies, columned_hall_lemuel,
          st_stairs_3, chequers_serial_rivers_micro_e,
          chequers_serial_rivers_marsh, lemuel_fruit_tree
Lair:5:   layout_cave_pods, mumra_transporter_accident
Lair:6:   evilmike_catoblepas_cave, layout_hall_layers,
          minmay_slime_entry_oklob_enclosed, patterned_corridor
Swamp:1:  layout_basic_swamp, evilmike_swamp_ruin_house_6, swamp_pool1,
          worms_lemuel
Swamp:2:  layout_falls_marsh, portal_ice_cave_entry_pillars_2,
          evilmike_swamp_ruin_house_3
Swamp:3:  layout_falls_marsh, serial_swamp_ruin, evilmike_swamp_ruin_house_5,
          hangedman_swamp_ruin_hall, evilmike_swamp_ruin_house_2, swamp_pool1,
          infiniplex_staircase_pool
Swamp:4:  swamp_basic_johnstein, layout_basic_swamp, swamp_pool2,
          uniq_bai_suzhen
Snake:1:  layout_gridlike, basic_altar, lemuel_oklob_altar
Snake:2:  layout_layer_cave
Snake:3:  layout_gridlike, basic_altar
Snake:4:  minmay_snake_end_coiled, layout_rooms
Slime:1:  layout_caves, cheibrodos_slime_lost_civilization_7
Slime:2:  layout_caves
Slime:3:  layout_caves
Slime:4:  layout_caves
Slime:5
Orc:1:    layout_caves, serial_shops, shop, minmay_orc_temple_a
Orc:2:    st_orc_mages, layout_caves, serial_shops, nicolae_shop_trees
Elf:1:    elf_arrival_001, layout_loops_ring, orc_legates
Elf:2:    layout_geoelf_grid, minivault_26, lemuel_flame_loot_1
Elf:3:    minmay_elf_hall_curves, layout_gridlike
Vaults:1: v_misc_18, ontoclasm_vaults_shuriken, nicolae_vaults_little_squares_5,
          vaults_dpeg_diagonal, hangedman_vaults_nails, v_misc_3,
          hangedman_vaults_stream, vaults_room_corners, layout_vaults_quadrants
Vaults:2: ontoclasm_vaults_twist, vaults_room_door_ring, v_rooms_1,
          v_alt_pattern_4, ontoclasm_vaults_gateway, nicolae_vaults_alarming,
          ontoclasm_vaults_ring_square, vaults_room_pool, vaults_room_fours,
          vaults_room_mumra_shop_pool, hangedman_vaults_slice,
          vaults_dpeg_hooks, nicolae_vaults_diagonal_hallway_7,
          layout_vaults_big_room, uniq_frederick
Vaults:3: v_alt_pattern_4, minmay_crypt_entry_simple_box,
          grunt_vaults_hallway_long, ontoclasm_vaults_hangar,
          ontoclasm_vaults_spin, v_alt_pattern_3, nicolae_vaults_sealed_display,
          hangedman_vaults_restitches, vaults_room_door_ring,
          vaults_room_door_hall, hangedman_vaults_restitches,
          vaults_room_grunt_arrival_ludios, nicolae_vaults_little_ls,
          vaults_room_hallway, layout_vaults_maze_snakey, mu_enter_wizlab_3,
          serial_shops, nicolae_shop_window_shopping,
          nicolae_trove_entry_columns
Vaults:4: nicolae_vaults_big_ls, hangedman_vaults_cutoff,
          ontoclasm_vaults_misaligned, hangedman_vaults_locks,
          ontoclasm_vaults_decontamination, v_alt_pattern_6, v_misc_10,
          v_misc_30, vaults_mumra_chevron, v_misc_25, layout_vaults_omnicross,
          serial_shops, nicolae_shop_crystal
Vaults:5
Depths:1: layout_cave_pools, hell_entry, serial_column_ruins,
          column_ruins_courtyard_long_water, column_ruins_hut_ruined,
          column_ruins_columns_T, column_ruins_open_tiny,
          column_ruins_columns_corner, column_ruins_corridor_straight,
          column_ruins_open_tiny, serial_bayou_pond_c, st_stairs_5,
          minmay_holes, kennysheep_windowed_goal
Depths:2: minmay_the_grid_plus_closed [minmay_the_grid_expand,
          minmay_the_grid_rooms, minmay_the_grid_paths, minmay_the_grid_doors,
          minmay_the_grid_prize_big_room], layout_cave_pools, grunt_hell_horde,
          abyss_entry_crystal, rand_demon_pan_entry_3, minmay_misc_feat_chi
Depths:3: minmay_distorted_concentric_squares, layout_gridlike,
          chequers_serial_rivers_marsh, grunt_hell_entry_dis_mu, pan_entry,
          uniq_asterion, uniq_enchantress
Depths:4: hangedman_arch_fort, layout_gridlike, enter_ziggurat_d, serial_shops,
          shop, shop_coins, shop_scrolls, hell_entry, grunt_decor_arrowhead,
          abyss_entry, infiniplex_staircase_pool_1, uniq_margery
Depths:5: grunt_zot_entry_tricorne, layout_cave_pools, hangedman_decor_growths,
          hangedman_coc_ice_floe, st_stairs_4, grunt_megastairs_3
Hell
Zot:1:    layout_misc_corridors, skrybe_zot_glass_3
Zot:2:    layout_onion_interference
Pan:      rand_demon_4, layout_irregular_city, lemuel_hellion_island,
          layout_irregular_city, rand_demon_4, layout_pan_divisions_a
          [pan_division_quadrant_a4, pan_division_quadrant_a3,
          pan_division_quadrant_a6, pan_division_quadrant_a2,
          pan_division_octagon_halves], gloorx_vloq_st, layout_gridlike,
          pan_blood_fountain_small

Skill      XL: |  1  2  3  4  5  6  7  8  9 10 11 12 13 14 15 16 17 18 19 20 21 22 23 24 25 |
---------------+----------------------------------------------------------------------------+-----
Earth Magic    | 3 4 5 6 7 8 10 11 13 15 16 18 20 21 22 23 | 23.9
Spellcasting   | 2 3 4 5 6 7 8 10 11 12 13 14 15 16 18 21 22 23 24 25 | 25.1
Shields        | 1 2 3 4 5 6 7 9 10 13 14 | 14.5
Translocations | 4 6 8 12 14 | 14.4
Armour         | 5 10 15 | 15.1
Dodging        | |  1.7
Stealth        | |  1.7
Transmutations | |  0.8

Action                   |  1- 3 |  4- 6 |  7- 9 | 10-12 | 13-15 | 16-18 | 19-21 | 22-24 | 25-27 || total
-------------------------+-------+-------+-------+-------+-------+-------+-------+-------+-------++-------
Melee: Short sword       |   104 |   106 |    45 |       |       |       |       |       |       ||   255
       Unarmed           |     3 |       |       |       |       |       |       |       |       ||     3
       Whip              |       |       |   106 |       |       |       |       |       |       ||   106
       Mace              |       |       |    33 |   207 |    82 |       |       |       |       ||   322
       Staff             |       |       |       |       |     1 |    48 |    90 |    52 |    42 ||   233
Throw: Stone             |       |       |       |       |     1 |     6 |     1 |     6 |     3 ||    17
 Cast: Sandblast         |    31 |    60 |   101 |   124 |   160 |   148 |    73 |    81 |    19 ||   797
       Stone Arrow       |       |     4 |    53 |   125 |   151 |     1 |     7 |       |       ||   341
       Lee's Rapid Decon |       |       |     4 |   105 |   267 |   160 |    48 |    71 |    48 ||   703
       Petrify           |       |       |     1 |    16 |     8 |     1 |     3 |     5 |       ||    34
       Iron Shot         |       |       |       |       |   135 |   326 |   248 |   521 |   202 ||  1432
       Sublimation of Bl |       |       |       |       |     3 |    11 |     7 |     7 |       ||    28
       Shatter           |       |       |       |       |       |    53 |   110 |   103 |    43 ||   309
       Leda's Liquefacti |       |       |       |       |       |       |       |     1 |       ||     1
       Controlled Blink  |       |       |       |       |       |       |       |       |     4 ||     4
 Abil: Evoke Flight      |       |       |     1 |       |       |       |       |       |       ||     1
Evoke: Wand              |       |    14 |    20 |    25 |    50 |    13 |    16 |       |       ||   138
       Lightning rod     |       |       |       |       |       |    12 |    10 |     5 |       ||    27
       Box of beasts     |       |       |       |       |       |     1 |     1 |     3 |       ||     5
       Phial of floods   |       |       |       |       |       |       |     1 |     1 |       ||     2
  Use: Scroll            |       |     5 |     6 |    11 |    25 |    24 |    11 |    23 |     4 ||   109
       Potion            |       |       |       |     5 |     7 |    15 |     8 |     4 |     4 ||    43
 Stab: Sleeping          |     2 |     3 |     2 |     3 |     1 |       |       |       |     1 ||    12
       Distracted        |       |       |     1 |     2 |       |       |     1 |     2 |     1 ||     7
       Paralysed         |       |       |       |       |     4 |       |       |       |       ||     4
  Eat: Chunk             |     4 |     7 |    12 |    39 |    51 |    23 |    37 |    16 |     5 ||   194
       Ration            |       |       |     2 |     4 |    15 |    28 |    17 |     8 |     4 ||    78
Armor: Robe              |    47 |    45 |    45 |    79 |    62 |       |       |       |       ||   278
       Leather armour    |       |       |       |       |     2 |   161 |    91 |       |       ||   254
       Skin              |       |       |       |       |       |     8 |       |       |       ||     8
       Troll leather arm |       |       |       |       |       |       |    38 |   190 |   157 ||   385
Dodge: Dodged            |   105 |   133 |   122 |   202 |   175 |   237 |   188 |   142 |   112 ||  1416
Block: Buckler           |     8 |    48 |    64 |    93 |   109 |   212 |   184 |       |       ||   718
       Kite shield       |       |       |       |       |       |       |    13 |   268 |   214 ||   495
       Reflection        |       |       |       |       |       |       |       |     1 |     7 ||     8
